cohdb
Replays
Latest Replays
All Replays
Popular Replays
Top Player Replays
Match Explorer
How It Works
Community
CoH3 Stats
Reddit
Sign in to upload your games and track your stats! →
Sign in with Steam
Match 38520071
Unlisted
Match 38520071
Overview
Messages
Build Orders
End
Scout Squad
Scout Squad
Construct Weapon Support Center
Selects Airborne Battlegroup
Selects Pathfinders
M1919 Machine Gun Team
M1919 Machine Gun Team
Mechanized Support Center
M3 Armored Personnel Carrier
Engineer Squad
Construct Medical Station
Selects Paratrooper Squad Paradrop
Paratrooper Squad Paradrop
Construct Tank Depot
Selects Anti-tank Gun Team Paradrop
Anti-tank Gun Team Paradrop
M4A1 Sherman Medium Tank
Engineer Squad
M4A1 Sherman Medium Tank
M1919 Machine Gun Team
Improvised Armor
Anti-tank Gun Team Paradrop
Selects Recon Loiter
Selects Supply Drop
M4A1 Sherman Medium Tank
Recon Loiter
Makak
NickTamAir [Goat Company]
LEV-Detahaven
Tenshi
0
0
Comments
sign in to comment!
No comments posted yet!